 Dungeon Crawl Stone Soup version 0.27.1-4-g1640c2035a (webtiles) character file.

Game seed: 14496531473551272571

10386 Icepheonix32 the Blocker (level 11, -1/86 HPs)
             Began as a Demonspawn Abyssal Knight on Nov 13, 2021.
             Was an Elder of Lugonu.
             Slain by an entropy weaver simulacrum (3 damage)
             ... in an ice cave.
             The game lasted 00:30:39 (11507 turns).

Icepheonix32 the Blocker (DsAK)                    Turns: 11507, Time: 00:30:40

Health: -1/86      AC: 13    Str: 17    XL:     11   Next: 35%
Magic:  17/17      EV: 14    Int: 13    God:    Lugonu [****..]
Gold:   299        SH: 15    Dex: 17    Spells: 10/10 levels left

rFire    x x .     SeeInvis +   r - +2 hand axe (vorpal)
rCold    + + .     Faith    +   H - +3 kite shield {reflect}
rNeg     . . .     Spirit   .   t - +0 troll leather armour
rPois    .         Reflect  +   n - +2 hat
rElec    .         Harm     .   V - +0 cloak
rCorr    .         Rampage  .   U - +2 pair of gloves {Dex+3}
Will     .....                  (no boots)
Stlth    ++........             S - amulet of faith
HPRegen  1.24/turn              L - ring of ice
MPRegen  0.15/turn              z - ring of ice

@: studying Air Magic
A: talons 1, yellow scales 1, demonic guardian 3, see invisible, strong 1,
MP-powered wands
a: Renounce Religion, Depart the Abyss, Bend Space, Banish, Corrupt


You were in an ice cave.
You worshipped Lugonu.
Lugonu was greatly pleased with you.
You visited 2 branches of the dungeon, and saw 12 of its levels.
You visited the Abyss 2 times.
You also visited: Ossuary and Ice Cave.

You collected 630 gold pieces.
You spent 331 gold pieces at shops.

Inventory:

Hand Weapons
 r - a +2 vorpal hand axe (weapon)
 A - a +3 scimitar
 R - a +3 vorpal flail
Missiles
 o - 3 boomerangs of dispersal
 p - 18 poisoned darts (quivered)
 D - 8 javelins
 I - 4 boomerangs
 O - a curare-tipped dart
Armour
 k - a +0 ring mail
 n - a +2 hat (worn)
 t - a +0 troll leather armour (worn)
 H - a +3 kite shield of reflection (worn)
 Q - a +2 chain mail of poison resistance
 U - a +2 pair of gloves of dexterity (worn)
 V - a +0 cloak (worn)
Jewellery
 c - a +4 ring of protection
 m - a +6 ring of dexterity
 z - a ring of ice (right hand)
 B - a ring of flight
 F - a ring of fire
 L - a ring of ice (left hand)
 S - an amulet of faith (around neck)
Wands
 a - a wand of mindburst (8)
 C - a wand of charming (6)
 K - a wand of iceblast (12)
 N - a wand of paralysis (16)
 T - a wand of flame (13)
Scrolls
 b - a scroll of holy word
 d - 2 scrolls of torment
 g - 2 scrolls of amnesia
 h - 2 scrolls of fog
 i - a scroll of fear
 q - a scroll of vulnerability
 s - 2 scrolls of enchant weapon
 u - 6 scrolls of teleportation
 v - 3 scrolls of immolation
 w - a scroll of blinking
 y - a scroll of magic mapping
 M - a scroll of identify
 P - a scroll of silence
Potions
 f - 3 potions of flight
 j - 7 potions of haste
 l - 4 potions of curing
 E - 2 potions of attraction
 G - 3 potions of brilliance
Miscellaneous
 x - a phial of floods


   Skills:
 + Level 7.9 Fighting
 - Level 2.6 Long Blades
 - Level 4.2 Axes
 + Level 1.1 Throwing
 + Level 4.4 Armour
 + Level 6.4 Dodging
 - Level 1.0 Stealth
 * Level 10.3 Shields
 * Level 8.3 Invocations
 + Level 1.2 Evocations


You had 10 spell levels left.
You didn't know any spells.
Your spell library contained the following spells:

 Spells                   Type           Power      Damage    Failure   Level
 Corona                   Hex            0%         N/A       54%         1
 Blink                    Tloc           N/A        N/A       69%         2
 Corpse Rot               Necr/Air       N/A        N/A       69%         2
 Ensorcelled Hibernation  Hex/Ice        0%         N/A       69%         2
 Poisonous Vapours        Pois/Air       0%         N/A       69%         2
 Ozocubu's Armour         Ice            0%         N/A       89%         3
 Tukima's Dance           Hex            0%         N/A       89%         3
 Animate Dead             Necr           0%         N/A       100%        4
 Dispel Undead            Necr           0%         3d6       100%        4
 Freezing Cloud           Conj/Ice/Air   0%         6-21      100%        5
 Irradiate                Conj/Tmut      0%         3d14      100%        5
 Manifold Assault         Tloc           0%         N/A       100%        5
 Metabolic Englaciation   Hex/Ice        0%         N/A       100%        5
 Simulacrum               Ice/Necr       0%         N/A       100%        6
 Haunt                    Necr/Summ      0%         N/A       100%        7
 Storm Form               Tmut/Air       0%         N/A       100%        7


Dungeon Overview and Level Annotations

Branches:
Dungeon (11/15)            Temple (1/1) D:5            Lair (0/6) D:10
    Orc (0/2) D:11        Ossuary (visited)           IceCv (1/1)

Altars:
Ashenzari
Cheibriados
Dithmenos
Elyvilon
Fedhas
Gozag
Hepliaklqana
Kikubaaqudgha
Makhleb
Nemelex Xobeh
Okawaru
Qazlal
Ru
Sif Muna
Trog
Uskayaw
Vehumet
Wu Jian
Xom
Yredelemnul
Zin
The Shining One

Shops:
D:1 *   D:4 (   D:6 [

Portals:
Trove: D:11 (give 14 scrolls of teleportation)

Annotations:
D:3 exclusion: statue
D:8 2 transporters, Icepheonix32's ghost, novice DsTm
D:9 2 transporters, Duder's ghost, novice MiBe


Innate Abilities, Weirdness & Mutations

You have sharp toenails.
You are partially covered in yellow scales. (AC +2)
A powerful demonic guardian rushes to your aid.
You have supernaturally acute eyesight. (SInv)
Your muscles are strong. (Str +2)
You expend magic power (3 MP) to strengthen your wands.


Message History

You block the entropy weaver simulacrum's attack. x2
You feel much better.
The entropy weaver simulacrum hits you but does no damage.
You block the entropy weaver simulacrum's attack.
The entropy weaver simulacrum hits you but does no damage.
You block the entropy weaver simulacrum's attack.
You closely miss the entropy weaver simulacrum.
The entropy weaver simulacrum is moderately damaged.
You block the entropy weaver simulacrum's attack.
The entropy weaver simulacrum completely misses you.
You block the entropy weaver simulacrum's attack.
The entropy weaver simulacrum hits you but does no damage.
You hit the entropy weaver simulacrum. You claw the entropy weaver simulacrum.
The entropy weaver simulacrum is heavily damaged.
The entropy weaver simulacrum hits you but does no damage.
The entropy weaver simulacrum closely misses you.
The entropy weaver simulacrum hits you but does no damage.
The entropy weaver simulacrum hits you.
The entropy weaver simulacrum freezes you!
You resist.
You completely miss the entropy weaver simulacrum.
The entropy weaver simulacrum is heavily damaged.
The entropy weaver simulacrum barely misses you.
You block the entropy weaver simulacrum's attack.
The entropy weaver simulacrum hits you.
* * * LOW HITPOINT WARNING * * *
A demonic guardian appears!
The entropy weaver simulacrum freezes you!
You resist.
* * * LOW HITPOINT WARNING * * *
The entropy weaver simulacrum closely misses you.
The entropy weaver simulacrum hits you but does no damage.
The entropy weaver simulacrum barely misses you.
The entropy weaver simulacrum hits you!
* * * LOW HITPOINT WARNING * * *
The entropy weaver simulacrum freezes you.
You resist.
* * * LOW HITPOINT WARNING * * *
The entropy weaver simulacrum hits you.
You die...

##+#...#+##
#...# #...###
#...#.#
#+#...#'###
+.......'.#
#.8...8.###
+.......Z.#
###.8...8@###
+.4.........+
###.8...82###
+.......+
#.8...8.#
+.......+
####+####


You could see an ice devil, an entropy weaver simulacrum (ally target) and a
friendly cacodemon (summoned).

Vanquished Creatures
  A boulder beetle (D:11)
  An ice statue (IceCv)
  A gargoyle (D:10)
  A kobold demonologist (D:10)
  A troll (D:9)
  2 ice devils (IceCv)
  5 yaks (D:10)
  A vampire mosquito (D:11)
  Menkaure (D:7)
  A harpy simulacrum (IceCv)
  Edmund (D:5)
  An acid dragon (D:10)
  2 water moccasins (D:10)
  A black bear (D:10)
  A sky beast (D:8)
  An ice beast (D:8)
  2 ogres (D:5)
  2 centaurs (D:7)
  2 phantoms
  A two-headed ogre simulacrum (IceCv)
  A gnoll sergeant (D:9)
  A kobold brigand (D:9)
  8 bullfrogs
  7 scorpions
  2 wyvern skeletons (D:7)
  7 killer bees (D:9)
  4 wights (D:8)
  5 howler monkeys
  2 bullfrog zombies (D:5)
  4 centaur zombies
  A bullfrog skeleton (D:7)
  An orc priest (D:4)
  3 hounds
  A gnoll shaman (D:5)
  Crazy Yiuf (D:5)
  3 iguanas
  2 orc wizards (D:7)
  2 killer bee zombies
  2 spriggan simulacra (D:11)
  A hound skeleton (D:5)
  4 mummies (Ossuary)
  8 gnolls
  2 howler monkey skeletons
  7 adders
  A naga simulacrum (D:11)
  A shadow imp (D:7)
  A white imp (IceCv)
  3 ufetubi
  An adder skeleton (D:5)
  3 worms
  3 dart slugs
  19 orcs
  4 ball pythons
  6 bats
  6 endoplasms
  6 giant cockroaches
  2 gnoll zombies (Ossuary)
  6 hobgoblins
  6 jackals
  3 quokkas
  3 frilled lizards
  7 goblins
  3 goblin zombies (Ossuary)
  A hobgoblin zombie (Ossuary)
  7 kobolds
  A kobold zombie (D:4)
  An orc zombie (Ossuary)
  26 rats
  A rat zombie (D:4)
229 creatures vanquished.

Vanquished Creatures (collateral kills)
  Joseph (D:7)
  A centaur zombie (D:8)
  An ice statue (IceCv)
  An ice devil (IceCv)
  2 trolls
  A dire elephant simulacrum (IceCv)
  9 yaks
  A wraith (D:7)
  A vampire mosquito (D:11)
  An acid dragon (D:10)
  An orc warrior (D:11)
  2 killer bees (D:9)
  A howler monkey (D:10)
  A bullfrog zombie (D:5)
  2 gnolls (D:5)
  A naga simulacrum (D:11)
27 creatures vanquished.

Vanquished Creatures (others)
  An elephant simulacrum (IceCv)
  2 gnolls (D:9)
  A kobold (D:9)
  26 fungi (D:10)
  23 plants (D:10)
53 creatures vanquished.

Grand Total: 309 creatures vanquished

Notes
Turn   | Place    | Note
-------+----------+-------------------------------------------
     0 | Abyss:1  | Icepheonix32 the Demonspawn Abyssal Knight began the quest
                  | for the Orb.
     0 | Abyss:1  | Reached XP level 1. HP: 18/18 MP: 2/2
   103 | Abyss:1  | Noticed a wretched star
   105 | Abyss:1  | Noticed a neqoxec
   108 | Abyss:1  | Noticed an ancient zyme
   109 | D:1      | Escaped the Abyss
   342 | D:1      | Reached skill level 1 in Dodging
   512 | D:1      | Gained mutation: You are partially covered in yellow
                  | scales. (AC +2) [demonic ancestry]
   512 | D:1      | Reached XP level 2. HP: 24/24 MP: 3/3
   534 | D:1      | Found Fugenyih's Assorted Antiques.
   550 | D:1      | Reached * piety under Lugonu
   572 | D:1      | You fall into a shaft and drop 1 floor!
   668 | D:2      | Found a faded altar of an unknown god.
   723 | D:2      | Reached XP level 3. HP: 24/29 MP: 5/5
   861 | D:1      | Bought a scroll labelled PIPEPR ZOIKI for 30 gold pieces
  1764 | D:3      | Reached ** piety under Lugonu
  1788 | D:3      | Gained mutation: You have sharp toenails. [demonic
                  | ancestry]
  1788 | D:3      | Reached XP level 4. HP: 33/35 MP: 6/6
  2103 | D:3      | Reached *** piety under Lugonu
  2282 | D:3      | Found a radiant altar of Vehumet.
  2282 | D:3      | Noticed a frost-covered statue
  2341 | D:3      | Gained mutation: A weak demonic guardian rushes to your
                  | aid. [demonic ancestry]
  2341 | D:3      | Reached XP level 5. HP: 41/42 MP: 8/8
  2419 | D:4      | Reached skill level 1 in Axes
  2440 | D:4      | Found a basalt altar of Yredelemnul.
  2480 | D:4      | Found Jiysim's Antique Weapon Shoppe.
  2498 | D:4      | Found a sand-covered staircase.
  2508 | Ossuary  | Entered an ossuary
  3005 | Ossuary  | Gained mutation: A demonic guardian rushes to your aid.
                  | [demonic ancestry]
  3005 | Ossuary  | Reached XP level 6. HP: 45/48 MP: 9/9
  3063 | D:4      | Found a burning altar of Makhleb.
  3292 | D:4      | Reached **** piety under Lugonu
  4033 | D:5      | Entered Level 5 of the Dungeon
  4044 | D:5      | Found a hide-covered altar of Uskayaw.
  4093 | D:5      | Reached skill level 5 in Invocations
  4194 | D:5      | Reached XP level 7. HP: 50/54 MP: 9/11
  4653 | D:5      | Found a staircase to the Ecumenical Temple.
  4681 | Temple   | Entered the Ecumenical Temple
  5091 | D:5      | Identified the +0 hunting sling of a bailey {flame, rPois}
  5247 | D:5      | Noticed Edmund
  5544 | D:6      | Reached XP level 8. HP: 61/61 MP: 11/13
  5615 | D:6      | Found Ifruilaf's Armour Emporium.
  6048 | D:6      | Found a shadowy altar of Dithmenos.
  6055 | D:6      | Found a blossoming altar of Fedhas.
  6063 | D:6      | Found a sparkling altar of Nemelex Xobeh.
  6070 | D:6      | Found a broken altar of Ashenzari.
  6078 | D:6      | Found an opulent altar of Gozag.
  6086 | D:6      | Found an ancient bone altar of Kikubaaqudgha.
  6091 | D:6      | Found an ornate altar of the Wu Jian Council.
  6197 | D:7      | Reached skill level 1 in Shields
  6261 | D:7      | Noticed Menkaure
  6279 | D:7      | Killed Menkaure
  6280 | D:7      | Reached skill level 1 in Stealth
  6280 | D:7      | Reached skill level 2 in Shields
  6659 | D:7      | Reached skill level 5 in Fighting
  6748 | D:7      | Reached skill level 3 in Shields
  6853 | D:7      | Noticed Joseph
  6857 | D:7      | Gained mutation: You possess an exceptional clarity of
                  | mind. [potion of mutation]
  6857 | D:7      | Gained mutation: Your magical capacity is low. (-10% MP)
                  | [potion of mutation]
  6857 | D:7      | Gained mutation: Your body sometimes deteriorates upon
                  | taking damage. [potion of mutation]
  6857 | D:7      | Gained mutation: You expend magic power (3 MP) to
                  | strengthen your wands. [potion of mutation]
  6858 | D:7      | Lost mutation: Your magical capacity is low. (-10% MP)
                  | [potion of mutation]
  6858 | D:7      | Lost mutation: You possess an exceptional clarity of mind.
                  | [potion of mutation]
  6858 | D:7      | Gained mutation: You have sharp fingernails. [potion of
                  | mutation]
  6858 | D:7      | Gained mutation: You are robust. (+10% HP) [potion of
                  | mutation]
  6866 | D:7      | Killed Joseph
  6867 | D:7      | Reached skill level 4 in Shields
  7124 | D:7      | Noticed a troll
  7140 | D:7      | Killed a troll
  7141 | D:7      | Reached XP level 9. HP: 21/74 MP: 14/14
  7462 | D:7      | Reached skill level 5 in Shields
  7904 | D:8      | Reached skill level 6 in Shields
  7921 | D:8      | Found a transporter.
  7921 | D:8      | Noticed Icepheonix32's ghost (novice DsTm)
  7922 | D:8      | Identified the +5 great mace "Ythruim" {drain, rElec rC+
                  | Str+2}
  7922 | D:8      | Noticed a two-headed ogre
  7927 | D:8      | Found a transporter.
  8262 | D:9      | Reached skill level 5 in Dodging
  8265 | D:9      | Reached skill level 7 in Shields
  8273 | D:9      | Reached XP level 10. HP: 77/84 MP: 15/15
  8273 | D:9      | Found a transporter.
  8275 | D:9      | Found a transporter.
  8275 | D:9      | Noticed a wizard
  8287 | D:9      | Noticed Duder's ghost (novice MiBe)
  8453 | D:9      | Reached ***** piety under Lugonu
  8912 | D:9      | Reached skill level 8 in Shields
  9023 | D:10     | Entered Level 10 of the Dungeon
  9048 | D:10     | Noticed a smoke demon
  9174 | D:5      | Killed Edmund
  9335 | D:5      | Found a shimmering altar of Xom.
  9624 | D:5      | Found a runed translucent door.
  9625 | D:5      | Noticed Crazy Yiuf
  9633 | D:5      | Killed Crazy Yiuf
  9773 | D:6      | Bought a +2 pair of gloves of dexterity for 301 gold pieces
 10023 | D:10     | Found a staircase to the Lair.
 10064 | D:10     | Reached skill level 1 in Evocations
 10129 | D:10     | Lost mutation: Your body sometimes deteriorates upon taking
                  | damage. [potion of mutation]
 10129 | D:10     | Lost mutation: You are robust. (+10% HP) [potion of
                  | mutation]
 10129 | D:10     | Lost mutation: You have sharp fingernails. [potion of
                  | mutation]
 10129 | D:10     | Gained mutation: Your muscles are strong. (Str +2) [potion
                  | of mutation]
 10129 | D:10     | Gained mutation: You have supernaturally acute eyesight.
                  | (SInv) [potion of mutation]
 10185 | D:10     | Reached skill level 9 in Shields
 10209 | D:10     | Noticed a gargoyle
 10220 | D:10     | Killed a gargoyle
 10515 | D:10     | Noticed a rust devil
 10598 | D:10     | Gained mutation: A powerful demonic guardian rushes to your
                  | aid. [demonic ancestry]
 10598 | D:10     | Reached XP level 11. HP: 81/84 MP: 15/17
 10703 | D:11     | Got the Compendium of Stolen Souls and Conjuration
 10801 | D:11     | Found a portal to a secret trove of treasure.
 10919 | D:11     | Found a frozen archway.
 10921 | D:11     | Noticed a boulder beetle
 10942 | D:11     | Reached skill level 1 in Throwing
 10978 | D:11     | Killed a boulder beetle
 10979 | D:11     | Reached skill level 10 in Shields
 10987 | IceCv    | Entered an ice cave
 11060 | IceCv    | Escaped the Abyss
 11507 | IceCv    | HP: 2/86 [entropy weaver simulacrum (5)]
 11507 | IceCv    | Slain by an entropy weaver simulacrum

Illustrated notes

Levels and vault maps discovered:
D:1:      minmay_arrival_split_and_join, layout_basic, serial_shops,
          nicolae_shop_statue_plus
D:2:      layout_rooms, shapermc_ecumenical_altar_mp_highgroup
D:3:      layout_rooms, vehumet_statue, serial_glass, glass_columns_c,
          glass_columns_a, feat_on_display, due_unseen_surprise,
          hangedman_abyss_or_decor_stabs, minmay_rat_hole
D:4:      layout_basic, jmf_multi_god_temple, bloody_makhleb, enter_ossuary_3,
          serial_shops, nicolae_take_the_stairs, grunt_ministairs_7,
          kennysheep_cross_bottleneck, kennysheep_small_spiral
D:5:      layout_loops_corners, tgw_xom, nicolae_uskayaw_dance_hall,
          minmay_temple_entry_sparse_star, minmay_increasing_density,
          uniq_edmund, uniq_crazy_yiuf_cottage
D:6:      layout_loops_ring, grunt_temple_overflow_octagram, serial_shops, shop,
          minivault_10
D:7:      layout_cave_pods, uniq_joseph, uniq_menkaure
D:8:      layout_basic, gammafunk_ghost_smash
D:9:      layout_roguey, gammafunk_ghost_arena, minmay_misc_feat_tiny
D:10:     layout_loops_cross, due_lair_maze_entry_diamond
D:11:     layout_long_grid, erik_orc_2, trove_entry_hex_spiral,
          portal_ice_cave_entry_ice_simulacra, serial_bayou_lake_a,
          uniq_josephine
Temple:   dpeg_three_leaves_temple
IceCv:    ice_cave_tombish

Skill      XL: |  1  2  3  4  5  6  7  8  9 10 11 |
---------------+----------------------------------+-----
Dodging        | 1 2 3 5 6 |  6.4
Long Blades    | 2 |  2.6
Invocations    | 3 4 5 6 7 8 |  8.3
Armour         | 2 3 4 |  4.4
Axes           | 2 3 4 |  4.2
Fighting       | 4 5 6 7 |  7.9
Shields        | 4 7 9 10 | 10.3
Stealth        | 1 |  1.0
Evocations     | 1 |  1.2
Throwing       | 1 |  1.1

Action                   |  1- 3 |  4- 6 |  7- 9 | 10-12 || total
-------------------------+-------+-------+-------+-------++-------
Melee: Falchion          |   148 |    20 |       |       ||   168
       Hand axe          |       |   163 |   292 |   572 ||  1027
       Kick              |       |    56 |   119 |   257 ||   432
Throw: Dart              |       |     6 |     3 |     2 ||    11
       Boomerang         |       |       |     2 |     5 ||     7
Invok: Depart the Abyss  |     1 |       |       |     1 ||     2
       Bend Space        |       |       |     1 |       ||     1
       Enter the Abyss   |       |       |       |     1 ||     1
Evoke: Wand              |       |       |       |     7 ||     7
  Use: Scroll            |     3 |     7 |     7 |     2 ||    19
       Potion            |     1 |     2 |     3 |     6 ||    12
 Stab: Sleeping          |       |       |     3 |     2 ||     5
       Invisible         |       |       |     3 |       ||     3
       Distracted        |       |       |     1 |       ||     1
       Paralysed         |       |       |       |     8 ||     8
Armor: Leather armour    |    15 |       |       |       ||    15
       Ring mail         |    72 |    78 |   118 |       ||   268
       Skin              |       |     6 |       |    20 ||    26
       Troll leather arm |       |       |    48 |   160 ||   208
Dodge: Dodged            |    88 |   103 |   151 |   267 ||   609
Block: Kite shield       |       |       |   167 |   456 ||   623
       Reflection        |       |       |     4 |    12 ||    16
       Rpst.: Falchion   |    26 |     3 |       |       ||    29
